 Dungeon Crawl Stone Soup version 0.28-a0-612-gcfc00ec14d (webtiles) character file.

Game seed: 6836987156007445917

3206 Irenicus the Geomancer (level 9, -11/74 HPs)
             Began as a Deep Dwarf Earth Elementalist on Oct 5, 2021.
             Was a Believer of Makhleb.
             Mangled by a two-headed ogre (14 damage)
             ... on level 8 of the Dungeon.
             The game lasted 00:43:15 (3991 turns).

Irenicus the Geomancer (DDEE)                       Turns: 3991, Time: 00:43:15

Health: -11/74     AC:  6    Str: 11    XL:     9   Next: 65%
Magic:  1/15       EV: 13    Int: 20    God:    Makhleb [**....]
Gold:   237        SH:  0    Dex: 13    Spells: 6/16 levels left

rFire   + . .      SeeInvis .   g - +2 dagger (vamp)
rCold   + . .      Faith    .   (no shield)
rNeg    . . .      Spirit   .   a - +0 leather armour
rPois   .          Reflect  .   (no helmet)
rElec   .          Harm     .   e - scarf {rC+ rF+}
rCorr   .          Rampage  .   o - +1 pair of gloves
Will    +....                   l - +0 pair of boots
Stlth   +++.......              (no amulet)
HPRegen 0.00/turn               (no ring)
MPRegen 0.14/turn               (no ring)

@: no status effects
A: damage resistance, heal wounds, sense surroundings 2, no regeneration
a: Heal Wounds, Renounce Religion, Minor Destruction


You were on level 8 of the Dungeon.
You worshipped Makhleb.
Makhleb was pleased with you.
You visited 2 branches of the dungeon, and saw 9 of its levels.
You also visited: Sewer.

You collected 325 gold pieces.
You spent 88 gold pieces at shops.


Innate Abilities, Weirdness & Mutations

You are resistant to damage.
You can heal yourself by infusing magical energy.
You passively map the area around you.
You do not regenerate.


   Skills:
 + Level 2.3 Fighting
 - Level 1.0 Short Blades
 - Level 2.1 Armour
 + Level 4.6 Dodging
 - Level 6.0 Stealth
 - Level 4.0 Spellcasting
 - Level 6.4 Conjurations
 - Level 2.0 Transmutations
 + Level 10.7 Earth Magic
 - Level 2.3 Evocations


You had 6 spell levels left.
You knew the following spells:

 Your Spells              Type           Power      Damage    Failure   Level
p - Petrify               Tmut/Erth      29%        N/A       12%         4
t - Stone Arrow           Conj/Erth      76%        3d11      1%          3
w - Passwall              Tmut/Erth      24%        N/A       1%          2
z - Sandblast             Erth           94%        2d19      1%          1

Your spell library contained the following spells:

 Spells                   Type           Power      Damage    Failure   Level
 Mephitic Cloud           Conj/Pois/Air  12%        N/A       22%         3
 Ignite Poison            Fire/Tmut/Pois 6%         N/A       36%         3
 Freezing Cloud           Conj/Ice/Air   6%         6-21      89%         5

Inventory:

Hand Weapons
 c - a +4 dagger of venom
 g - a +2 vampiric dagger (weapon)
Missiles
 b - 166 stones
Armour
 a - a +0 leather armour (worn)
 e - a scarf of resistance (worn)
 l - a +0 pair of boots (worn)
 o - a +1 pair of gloves (worn)
Jewellery
 C - a ring of ice
Wands
 q - a wand of mindburst (7)
 r - a wand of acid (7)
Scrolls
 d - 2 scrolls of enchant armour
 i - a scroll of vulnerability
 j - 2 scrolls of teleportation {@r2}
 k - 2 scrolls of identify {@r1}
 n - a scroll of immolation
 p - a scroll of amnesia
Potions
 f - 3 potions of flight
 h - a potion of magic
 m - a potion of attraction

Dungeon Overview and Level Annotations

Branches:
Dungeon (8/15)             Temple (1/1) D:6           Sewer (visited)
   Lair: D:8-11

Altars:
Ashenzari
Cheibriados
Dithmenos
Elyvilon
Gozag
Kikubaaqudgha
Makhleb
Nemelex Xobeh
Okawaru
Qazlal
Ru
Sif Muna
Trog
Uskayaw
Vehumet
Wu Jian
Xom
Yredelemnul
Zin
The Shining One

Shops:
D:1 *   D:4 ?*(   D:6 :

Annotations:
D:6 Edmund, Grinder

* * * ###
** * , (.#
, *,**#.# ,
#.# *,
##.#.###.##
, * ,
.......O..#
*
########@.#
,* #..# ,
#..# ** ,
#######..#
*
.........#
* *
########.#
* #.# * ,*
#.# #. #.#


You could see a two-headed ogre (corroded).


Message History

The two-headed ogre's minds are blasted!
Casting: Sandblast (safe; 1% risk of failure)
Confirm with . or Enter, or press ? or * to list all spells.
Aiming: Stone Arrow (safe; 1% risk of failure)
Press: ? - help, Shift-Dir - straight line, f/p - two-headed ogre
Aim: a two-headed ogre, wielding a +0 giant spiked club and a +0 giant club (moderately wounded, 88% to hit)
The stone arrow hits the two-headed ogre!!
The two-headed ogre is severely wounded.
The two-headed ogre hits you with a +0 giant spiked club!!
* * * LOW HITPOINT WARNING * * *
The two-headed ogre hits you with a +0 giant club!!
* * * LOW HITPOINT WARNING * * *
Casting: Stone Arrow (safe; 1% risk of failure)
Confirm with . or Enter, or press ? or * to list all spells.
Aiming: Sandblast (safe; 1% risk of failure)
Press: ? - help, Shift-Dir - straight line, f/p - two-headed ogre
Aim: a two-headed ogre, wielding a +0 giant spiked club and a +0 giant club (heavily wounded, 92% to hit)
Okay, then.
Aiming: Mindburst
Press: ? - help, Shift-Dir - straight line, f/p - two-headed ogre
Aim: a two-headed ogre, wielding a +0 giant spiked club and a +0 giant club (heavily wounded, chance to affect: 59%)
The two-headed ogre resists with significant effort.
Aiming: Corrosive Bolt
Press: ? - help, Shift-Dir - straight line, f/p - two-headed ogre
Aim: a two-headed ogre, wielding a +0 giant spiked club and a +0 giant club (heavily wounded, 86% to hit)
The bolt of acid hits the two-headed ogre!
The acid corrodes the two-headed ogre!
The two-headed ogre is severely wounded.
The two-headed ogre hits you with a +0 giant spiked club!
You die...

Skill      XL: |  1  2  3  4  5  6  7  8  9 |
---------------+----------------------------+-----
Earth Magic    | 5 6 8 9 10 | 10.7
Spellcasting   | 2 4 |  4.0
Conjurations   | 2 4 6 |  6.4
Dodging        | 3 4 |  4.6
Evocations     | 2 |  2.3
Stealth        | 5 6 |  6.0
Transmutations | 1 2 |  2.0
Short Blades   | 1 |  1.0
Armour         | 2 |  2.1
Fighting       | 2 |  2.3

Action                   |  1- 3 |  4- 6 |  7- 9 || total
-------------------------+-------+-------+-------++-------
Melee: Unarmed           |     1 |       |       ||     1
       Dagger            |     6 |    94 |    93 ||   193
 Cast: Sandblast         |    46 |    15 |    51 ||   112
       Passwall          |     5 |       |    19 ||    24
       Stone Arrow       |       |     6 |    72 ||    78
 Abil: Heal Wounds       |       |     1 |       ||     1
Evoke: Wand              |       |       |    11 ||    11
  Use: Scroll            |     3 |     7 |     4 ||    14
       Potion            |       |     6 |    10 ||    16
 Stab: Invisible         |       |     5 |       ||     5
       Sleeping          |       |       |     5 ||     5
Armor: Robe              |     3 |    13 |       ||    16
       Leather armour    |       |    10 |    38 ||    48
Dodge: Dodged            |     8 |    88 |    59 ||   155

Levels and vault maps discovered:
D:1:      lemuel_arrival_rhombus, layout_loops_ring, serial_shops, shop,
          ebering_ecumenical_altar_sacrificial
D:2:      layout_basic, minmay_misc_feat_enclosed, minmay_split_cup_large
D:3:      layout_basic
D:4:      layout_basic, serial_shops, shop_scrolls,
          nicolae_shop_overgrown_old_shop, shop
D:5:      layout_rooms
D:6:      layout_basic, minmay_temple_entry_glassed_door,
          gup_sewer_entry_bubbles, serial_shops, shop_fountains, uniq_grinder,
          uniq_pikel, uniq_edmund
D:7:      layout_basic, nicolae_underground_beach
D:8:      cheibrodos_frozen_isle, layout_loops_ring, uniq_erica
Temple:   regret_index_temple_sigil_plot

Notes
Turn   | Place    | Note
-------+----------+-------------------------------------------
     0 | D:1      | Irenicus the Deep Dwarf Earth Elementalist began the quest
                  | for the Orb.
     0 | D:1      | Reached XP level 1. HP: 15/15 MP: 3/3
   185 | D:1      | Reached XP level 2. HP: 22/22 MP: 2/4
   203 | D:1      | Found Udabir's Assorted Antiques.
   211 | D:1      | Bought an orange potion for 13 gold pieces
   265 | D:1      | Reached skill level 5 in Earth Magic
   288 | D:1      | Found a faded altar of an unknown god.
   496 | D:2      | Reached XP level 3. HP: 28/28 MP: 3/5
   504 | D:2      | Reached skill level 6 in Earth Magic
   535 | D:2      | Learned a level 2 spell: Passwall
   948 | D:1      | Bought a scroll labelled QACIZO GEZYNNO for 15 gold pieces
   948 | D:1      | Bought a scroll labelled TUPSUSMAITU for 15 gold pieces
   948 | D:1      | Bought a scroll labelled XOES ACOIWAXT for 15 gold pieces
   948 | D:1      | Bought a red potion for 13 gold pieces
  1011 | D:3      | Reached XP level 4. HP: 32/36 MP: 2/6
  1022 | D:3      | Learned a level 3 spell: Stone Arrow
  1099 | D:4      | Noticed a scorpion
  1151 | D:4      | Reached skill level 2 in Spellcasting
  1151 | D:4      | Reached skill level 1 in Conjurations
  1212 | D:3      | Reached skill level 2 in Conjurations
  1212 | D:3      | Reached XP level 5. HP: 23/42 MP: 0/8
  1298 | D:3      | You fall into a shaft and drop 3 floors!
  1298 | D:6      | Noticed Pikel
  1298 | D:6      | Noticed a lemure
  1298 | D:6      | Noticed a lemure
  1301 | D:6      | Noticed a lemure
  1302 | D:6      | Noticed a lemure
  1309 | D:6      | Found Witoipn's Book Shop.
  1311 | D:6      | HP: 2/42 [wyvern zombie (11)]
  1340 | D:6      | Reached skill level 3 in Conjurations
  1343 | D:6      | Reached skill level 4 in Conjurations
  1343 | D:6      | Reached XP level 6. HP: 23/49 MP: 0/9
  1347 | D:6      | Killed Pikel
  1348 | D:6      | Reached skill level 6 in Conjurations
  1348 | D:6      | Reached XP level 7. HP: 11/55 MP: 0/10
  1361 | D:6      | Identified a scarf of resistance
  1402 | D:6      | Identified a potion of resistance
  1494 | D:6      | Reached skill level 7 in Earth Magic
  1544 | D:6      | Found a staircase to the Ecumenical Temple.
  1544 | D:6      | Noticed a steam dragon
  1546 | D:6      | Killed a steam dragon
  1554 | Temple   | Entered the Ecumenical Temple
  1615 | Temple   | Became a worshipper of Makhleb the Destroyer
  1636 | D:6      | Noticed Grinder
  1669 | D:6      | Reached skill level 8 in Earth Magic
  1669 | D:6      | Reached XP level 8. HP: 33/62 MP: 7/11
  1717 | D:6      | Found a glowing drain.
  1729 | Sewer    | Entered a sewer
  1822 | Sewer    | Reached skill level 9 in Earth Magic
  1840 | Sewer    | Found a glowing silver altar of Zin.
  1916 | D:6      | Noticed Edmund
  2021 | D:5      | Entered Level 5 of the Dungeon
  2029 | D:5      | Reached skill level 3 in Spellcasting
  2242 | D:4      | Found Anestreru's Magic Scroll Shoppe.
  2282 | D:3      | Reached * piety under Makhleb
  2430 | D:3      | Reached skill level 4 in Spellcasting
  2529 | D:4      | Reached skill level 3 in Dodging
  2567 | D:4      | Found Juethrovi's Assorted Antiques.
  2592 | D:4      | Reached skill level 1 in Evocations
  2684 | D:4      | Found Okhlewk's Antique Weapon Shop.
  2716 | D:4      | Bought a green potion for 17 gold pieces
  2839 | D:5      | Reached skill level 2 in Evocations
  2883 | D:5      | Reached skill level 3 in Stealth
  2947 | D:5      | HP: 5/62 [orc warrior/stone (7)]
  2954 | D:5      | Reached skill level 4 in Stealth
  2982 | D:5      | Reached skill level 5 in Stealth
  3192 | D:6      | Learned a level 4 spell: Petrify
  3221 | D:6      | Reached skill level 1 in Transmutations
  3221 | D:6      | Gained mutation: You passively map the area around you.
                  | [Deep Dwarf growth]
  3221 | D:6      | Reached XP level 9. HP: 20/68 MP: 8/15
  3255 | D:6      | Reached skill level 6 in Stealth
  3284 | D:6      | Reached skill level 2 in Transmutations
  3396 | D:7      | Reached skill level 1 in Short Blades
  3543 | D:7      | Reached ** piety under Makhleb
  3551 | D:7      | Reached skill level 1 in Armour
  3551 | D:7      | Reached skill level 4 in Dodging
  3576 | D:8      | Reached skill level 10 in Earth Magic
  3666 | D:7      | Reached skill level 2 in Armour
  3764 | D:7      | Reached skill level 1 in Fighting
  3834 | D:8      | Noticed a manticore
  3845 | D:8      | Noticed a two-headed ogre
  3904 | D:8      | Reached skill level 2 in Fighting
  3984 | D:8      | Noticed a two-headed ogre
  3988 | D:8      | HP: 3/74 [two-headed ogre (15)]
  3991 | D:8      | Mangled by a two-headed ogre

Vanquished Creatures
  Pikel (D:6)
  A steam dragon (D:6)
  2 water moccasins
  3 orc warriors
  A black bear (D:6)
  2 ogres (D:6)
  A centaur (D:8)
  A necrophage (D:7)
  2 kobold brigands
  3 bullfrogs
  A gnoll sergeant (D:8)
  3 scorpions
  A wyvern zombie (D:6)
  A water moccasin zombie (D:6)
  A wyvern skeleton (D:6)
  A howler monkey (D:4)
  2 centaur zombies
  3 orc priests
  A jelly (D:6)
  A gnoll shaman (D:4)
  A hound (D:5)
  2 bullfrog skeletons
  A scorpion zombie (D:5)
  3 iguanas
  9 orc wizards
  A killer bee zombie (D:6)
  A hound skeleton (D:4)
  10 adders
  6 gnolls
  4 river rats (Sewer)
  A white imp (D:8)
  An ufetubus (D:6)
  A worm (D:2)
  A dart slug (D:1)
  24 orcs
  8 endoplasms
  6 giant cockroaches
  5 hobgoblins
  A jackal (Sewer)
  11 kobolds
  4 quokkas
  8 ball pythons
  A bat (D:2)
  2 frilled lizards
  6 goblins
  6 rats
156 creatures vanquished.

Vanquished Creatures (others)
  4 plants (D:4)
4 creatures vanquished.

Grand Total: 160 creatures vanquished

Table legend: (Time is in decaauts)
 A = Elapsed time spent in this place.
 B = Non-inter-level travel time spent in this place.
 C = Inter-level travel time spent in this place.
 D = Time resting spent in this place.
 E = Time spent auto-exploring this place.
 F = Levels seen in this place.
 G = Mean time per level.
                   A        B        C        D        E       F      G
               +--------+--------+--------+--------+--------+-----+--------+
         Total |   4029 |   3876 |    153 |     55 |      0 |  10 |  402.9 |
       Dungeon |   3786 |   3633 |    153 |     55 |      0 |   8 |  473.2 |
        Temple |     76 |     76 |      0 |      0 |      0 |   1 |   76.0 |
         Sewer |    165 |    165 |      0 |      0 |      0 |   1 |  165.0 |
               +--------+--------+--------+--------+--------+-----+--------+

Top non-repeatable levels by time:
     D:6: 854 daAuts
     D:2: 524 daAuts
     D:3: 476 daAuts
     D:1: 474 daAuts
     D:4: 431 daAuts
     D:7: 402 daAuts
     D:5: 383 daAuts
     D:8: 240 daAuts
   Sewer: 165 daAuts
  Temple: 76 daAuts

Table legend:
 A = Non-vault XP
 B = Vault XP
 C = Vault XP percentage of total XP
 D = Non-vault monster count
 E = Vault monster count
 F = Vault count percentage of total count
                 A         B        C        D         E       F
            +---------+---------+-------+---------+---------+-------
      Total |    3724 |     857 |  18.7 |     134 |      22 |  14.1
            +---------+---------+-------+---------+---------+-------
        D:1 |      20 |       0 |   0.0 |      11 |       0 |   0.0
        D:2 |      51 |      22 |  30.1 |      17 |       5 |  22.7
        D:3 |     193 |       0 |   0.0 |      26 |       0 |   0.0
        D:4 |     360 |       0 |   0.0 |      24 |       0 |   0.0
        D:5 |     610 |       0 |   0.0 |      10 |       0 |   0.0
        D:6 |    1066 |     675 |  38.8 |      19 |       8 |  29.6
        D:7 |     881 |       0 |   0.0 |      16 |       0 |   0.0
        D:8 |     543 |       0 |   0.0 |      11 |       0 |   0.0
      Sewer |       0 |     160 | 100.0 |       0 |       9 | 100.0
            +---------+---------+-------+---------+---------+-------
